 Dungeon Crawl Stone Soup version 0.29-a0-284-gf9362112df (webtiles) character file.

Game seed: 4854597853464993627

14637 garrulousMonolith the Geomancer (level 12, -6/73 HPs)
             Began as a Gargoyle Earth Elementalist on Mar 23, 2022.
             Was a Believer of Ashenzari.
             Mangled by a black mamba (12 damage)
             ... on level 2 of the Lair of Beasts on Mar 24, 2022.
             The game lasted 00:28:19 (16407 turns).

garrulousMonolith the Geomancer (GrEE)             Turns: 16407, Time: 00:28:20

Health: -6/73      AC: 26    Str: 13    XL:     12   Next: 18%
Magic:  2/22       EV: 12    Int: 26    God:    Ashenzari [**....]
Gold:   736        SH:  0    Dex: 10    Spells: 9/25 levels left

rFire   . . .      SeeInvis +   l - +2 whip (elec)
rCold   . . .      Faith    .   (no shield)
rNeg    + + .      Spirit   .   p - +9 Cigotuvi's embrace {rMiasma Drain rN+, Comp, Evo} (curse)
rPois   ∞          Reflect  .   e - +2 helmet
rElec   +          Harm     .   (no cloak)
rCorr   .          Rampage  .   h - +0 pair of gloves
Will    .....                   (no boots)
Stlth   ++........              (no amulet)
HPRegen 0.22/turn               g - ring "Bound Morality" {Wiz, Evo, Fort} (curse)
MPRegen 0.18/turn               G - ring of the Bound Paranoia {Int+6, Elem, Bglg} (curse)

@: no status effects
A: sickness immunity, AC +8, negative energy resistance 1, electricity
resistance, torment resistance 1, petrification resistance
a: Renounce Religion, Curse Item, Shatter the Chains


You were on level 2 of the Lair of Beasts.
You worshipped Ashenzari.
Ashenzari was pleased with you.
You visited 3 branches of the dungeon, and saw 14 of its levels.
You also visited: Sewer.

You collected 736 gold pieces.

Inventory:

Hand Weapons
 l - a +2 whip of electrocution (weapon)
 D - a +2 war axe of freezing
 K - a +0 long sword of flaming
 L - a +3 trident of venom
Missiles
 a - 339 stones
 t - 30 poisoned darts
 w - 8 boomerangs
 A - 2 throwing nets
Armour
 e - a +2 helmet (worn)
 h - a +0 pair of gloves (worn)
 p - the cursed +9 Cigotuvi's embrace (worn) {rMiasma Drain rN+, Comp, Evo}
   (You found it on level 3 of the Dungeon)

   It gathers nearby corpses to temporarily increase the armour it provides.
   It protects you from foul pestilence.
   rN:        It protects you from negative energy.
   Drain:     It drains your maximum health when unequipped.
   It has a curse which improves the following skills: Companions: Summonings
   and Necromancy.
   Evocations: Evocations.
Jewellery
 f - a ring of ice
 g - the cursed ring "Bound Morality" (left hand) {Wiz, Evo, Fort}
   (You found it on level 1 of the Dungeon)

   [ring of wizardry]

   It improves your spell success rate.
   It has a curse which improves the following skills: Evocations: Evocations.
   Fortitude: Armour and Shields.
 o - a ring of magical power
 G - the cursed ring of the Bound Paranoia (right hand) {Int+6, Elem, Bglg}
   (You took it off a kobold on level 8 of the Dungeon)

   [ring of intelligence]

   Int:       It affects your intelligence (+6).
   It has a curse which improves the following skills: Elements: Fire Magic, Ice
   Magic, Air Magic and Earth Magic.
   Beguiling: Conjurations, Hexes and Translocations.
 I - a +6 ring of dexterity
 J - a +6 ring of strength
Wands
 B - a wand of mindburst (8)
 H - a wand of paralysis (3)
Scrolls
 c - a scroll of brand weapon
 d - 2 scrolls of fog
 j - 4 scrolls of enchant armour
 k - 2 scrolls of blinking
 n - a scroll of immolation
 s - a scroll of amnesia
 u - 2 scrolls of magic mapping
 x - 2 scrolls of teleportation
 y - 7 scrolls of identify
 N - a scroll of fear
Potions
 b - a potion of resistance
 i - a potion of lignification
 m - 3 potions of brilliance
 q - 2 potions of attraction
 z - 2 potions of heal wounds
 C - a potion of might
 E - 3 potions of curing
 F - a potion of mutation
 M - 2 potions of ambrosia
Miscellaneous
 r - a lightning rod (1/4)


   Skills:
 + Level 8.0 Fighting
 * Level 6.6 Maces & Flails
 + Level 5.0(6.2) Armour
 - Level 5.0 Dodging
 - Level 2.1 Stealth
 + Level 0.5(1.1) Shields
 + Level 7.1 Spellcasting
 + Level 10.0(11.3) Conjurations
 - Level 2.0 Transmutations
 - Level 11.3(12.5) Earth Magic


You had 9 spell levels left.
You knew the following spells:

 Your Spells              Type           Power      Damage    Failure   Level
a - Stone Arrow           Conj/Erth      100%       3d13      1%          3
b - Animate Skeleton      Necr           18%        N/A       2%          1
c - Lee's Rapid Deconstr  Erth           32%        3d18*     1%          5
d - Passwall              Tmut/Erth      39%        N/A       1%          2
e - Petrify               Tmut/Erth      47%        N/A       1%          4
f - Sandblast             Erth           100%       2d20      1%          1

Your spell library contained the following spells:

 Spells                   Type           Power      Damage    Failure   Level
 Beastly Appendage        Tmut           38%        N/A       1%          1
 Sting                    Tmut/Pois      56%        1d5       1%          1
 Fulminant Prism          Conj/Hex       19%        3d11      2%          4
 Iskenderun's Mystic Bla  Conj/Tloc      39%        2d9       2%          4
 Corpse Rot               Necr/Air       18%        N/A       4%          2
 Poisonous Vapours        Pois/Air       18%        N/A       4%          2
 Irradiate                Conj/Tmut      21%        3d20      6%          5
 Sublimation of Blood     Necr           Unusable   N/A       N/A         2

Dungeon Overview and Level Annotations

Branches:
Dungeon (11/15)            Temple (1/1) D:4            Lair (2/6) D:10
  Sewer (visited)
  Swamp: Lair:2-4    Shoals: Lair:2-4     Snake: Lair:2-4    Spider: Lair:2-4
    Orc: D:9-12

Altars:
Ashenzari
Cheibriados
Dithmenos
Elyvilon
Fedhas
Gozag
Hepliaklqana
Kikubaaqudgha
Makhleb
Nemelex Xobeh
Okawaru
Qazlal
Ru
Sif Muna
Trog
Uskayaw
Vehumet
Wu Jian
Xom
Yredelemnul
Zin
The Shining One

Shops:
D:6 [


Innate Abilities, Weirdness & Mutations

You are immune to sickness and miasma.
Your stone body is resilient. (AC +8)
You are immune to poison.
You resist negative energy. (rN+)
You are resistant to electric shocks. (rElec)
You are resistant to unholy torment.
You are immune to petrification.


Message History

The wolf is almost dead.
The wolf barely misses you.
You hit the wolf.
You kill the wolf!
The bodies of the dead rush to embrace you!
A cane toad comes into view.
Found a ring of positive energy.
A black mamba comes into view.
The black mamba hisses angrily.
The cane toad stings you but does no damage.
The cane toad closely misses you. The cane toad attacks as you move away!
The cane toad completely misses you. The black mamba closely misses you.
The black mamba bites you but does no damage.
The black mamba attacks as you move away!
The black mamba bites you but does no damage.
The cane toad attacks as you move away! The cane toad barely misses you.
The black mamba bites you. The cane toad stings you!
The cane toad attacks as you move away! The cane toad stings you.
The black mamba bites you but does no damage.
A chunk of your corpse armour falls away.
The black mamba bites you but does no damage.
Okay, then.
The black mamba bites you! The cane toad stings you.
The black mamba completely misses you. The cane toad stings you!
The black mamba bites you.
The cane toad stings you but does no damage.
The elephant barely misses you.
The elephant trunk-slaps you but does no damage.
Casting: Stone Arrow (safe; 1% risk of failure)
Confirm with . or Enter, or press ? or * to list all spells.
Aiming: Passwall (safe; 1% risk of failure)
Press: ? - help, Dir - move target A rock wall.
The black mamba bites you!
* * * LOW HITPOINT WARNING * * *
The cane toad stings you!
* * * LOW HITPOINT WARNING * * *
The black mamba bites you!
You die...

## * * ##*#.# ####### ###
##.##..### #P.##.#####.#
.........S## ##...##.......
, .........F@#
#...####>....< ...=.....Y##
##..## #......
,...........# #...# #...)..
, ..........##
##...###...... ,..........#
#...###....... ,
..........# #...####......
, ..........#
##...###...... ,
..........#####...##.......
..........##.P#...#.#......


You could see an elephant, a black mamba and a cane toad.

Vanquished Creatures
  Josephine (D:10)
  A hydra (Lair:2)
  5 centaur zombies (D:10)
  A black mamba (Lair:1)
  An elephant (Lair:2)
  A rime drake (Lair:1)
  Maggie (D:10)
  3 cane toads
  Psyche (D:8)
  A komodo dragon (Lair:1)
  A polar bear (Lair:2)
  2 trolls
  A hornet (D:9)
  3 shadows
  4 wraiths (D:10)
  3 wyverns
  A basilisk (D:9)
  11 yaks
  2 steam dragons
  4 water moccasins
  An acid dragon (D:9)
  An orc warrior (D:9)
  2 ice beasts
  3 sky beasts
  3 black bears
  2 ogres
  4 wolves (Lair:2)
  A centaur (D:9)
  A phantom (D:4)
  4 kobold brigands
  4 bullfrogs
  7 necrophages
  A gnoll sergeant (D:10)
  3 scorpions
  13 wights
  4 killer bees (D:10)
  5 howler monkeys
  3 electric eels (D:9)
  2 hounds (D:5)
  2 jellies
  5 orc priests
  A human zombie (D:10)
  2 gnoll shamans
  4 iguanas
  An orc wizard (D:4)
  2 mummies (D:10)
  A howler monkey zombie (D:10)
  11 adders
  13 gnolls
  4 river rats (Sewer)
  3 white imps
  2 ufetubi (D:6)
  A worm (D:2)
  6 dart slugs
  25 orcs
  9 ball pythons
  5 endoplasms
  A giant cockroach (D:1)
  8 goblins
  11 hobgoblins
  2 jackals (Sewer)
  2 quokkas (D:3)
  3 bats (D:1)
  6 frilled lizards
  25 kobolds
  10 rats
277 creatures vanquished.

Vanquished Creatures (others)
  4 fungi (Lair:2)
  15 plants
19 creatures vanquished.

Grand Total: 296 creatures vanquished

Notes
Turn   | Place    | Note
-------+----------+-------------------------------------------
     0 | D:1      | garrulousMonolith the Gargoyle Earth Elementalist began the
                  | quest for the Orb.
     0 | D:1      | Reached XP level 1. HP: 10/10 MP: 3/3
    47 | D:1      | Got A Beginning Course on Witchery
    50 | D:1      | Learned a level 1 spell: Animate Skeleton
   155 | D:1      | Reached XP level 2. HP: 16/16 MP: 1/5
   250 | D:1      | Reached skill level 1 in Transmutations
   415 | D:1      | Reached skill level 4 in Earth Magic
   629 | D:1      | Reached skill level 1 in Fighting
   629 | D:1      | Reached XP level 3. HP: 17/20 MP: 3/6
  1208 | D:2      | Learned a level 3 spell: Stone Arrow
  1570 | D:2      | Reached XP level 4. HP: 25/25 MP: 7/7
  2077 | D:3      | Reached skill level 1 in Conjurations
  2111 | D:3      | Found the +4 Cigotuvi's embrace {rMiasma Drain rN+}
  2238 | D:3      | Found a glowing drain.
  2254 | Sewer    | Entered a sewer
  2401 | Sewer    | Reached XP level 5. HP: 28/29 MP: 8/8
  2698 | Sewer    | Noticed a kobold brigand
  2709 | Sewer    | Killed a kobold brigand
  2710 | Sewer    | Reached skill level 5 in Earth Magic
  2710 | Sewer    | Reached XP level 6. HP: 32/35 MP: 1/10
  3365 | D:3      | Found a faded altar of an unknown god.
  3407 | D:3      | Found an ancient bone altar of Kikubaaqudgha.
  3559 | D:3      | Found a white marble altar of Elyvilon.
  4193 | D:4      | Found a staircase to the Ecumenical Temple.
  4267 | Temple   | Entered the Ecumenical Temple
  4348 | Temple   | Became a worshipper of Ashenzari the Shackled
  5231 | D:4      | Reached XP level 7. HP: 40/40 MP: 11/11
  5313 | D:5      | Entered Level 5 of the Dungeon
  5373 | D:5      | Reached skill level 6 in Earth Magic
  5771 | D:5      | Reached XP level 8. HP: 41/46 MP: 13/13
  6294 | D:4      | Reached skill level 5 in Conjurations
  6294 | D:4      | Reached skill level 7 in Earth Magic
  6683 | D:6      | Noticed a troll
  6691 | D:6      | Killed a troll
  6991 | D:6      | Reached XP level 9. HP: 29/52 MP: 15/15
  7233 | D:6      | Reached skill level 8 in Earth Magic
  7310 | D:6      | Found a shimmering blue altar of Sif Muna.
  7513 | D:6      | Found a snail-covered altar of Cheibriados.
  7793 | D:6      | Reached * piety under Ashenzari
  7989 | D:6      | Found Taahoin's Antique Armour Shop.
  8049 | D:6      | Identified Sif Muna's Collected Works on Poison
  8050 | D:6      | Identified Sif Muna's Papyrus of Sinister Arts
  8141 | D:7      | Found an iron altar of Okawaru.
  8567 | D:7      | Reached skill level 5 in Fighting
  8567 | D:7      | Reached skill level 9 in Earth Magic
  8570 | D:7      | Learned a level 2 spell: Passwall
  8575 | D:7      | Learned a level 4 spell: Petrify
  8633 | D:7      | Found an iron altar of Okawaru.
  8974 | D:7      | Learned a level 5 spell: Lee's Rapid Deconstruction
  9636 | D:8      | Noticed Psyche
  9640 | D:8      | Killed Psyche
  9641 | D:8      | Reached skill level 5 in Spellcasting
  9776 | D:8      | Reached XP level 10. HP: 59/59 MP: 15/17
  9922 | D:8      | Found a hide-covered altar of Uskayaw.
  9922 | D:8      | Found a bloodstained altar of Trog.
 11132 | D:9      | Reached skill level 10 in Earth Magic
 11264 | D:9      | Found a blossoming altar of Fedhas.
 11279 | D:9      | Found a shimmering altar of Xom.
 11390 | D:9      | Reached skill level 5 in Dodging
 12167 | D:10     | Entered Level 10 of the Dungeon
 12201 | D:10     | Reached skill level 1 in Maces & Flails
 12283 | D:10     | Noticed Maggie
 12301 | D:10     | Killed Maggie
 12302 | D:10     | Reached skill level 1 in Armour
 12417 | D:10     | Found a staircase to the Lair.
 12545 | D:10     | Found a transporter.
 12549 | D:10     | Found a transporter.
 12620 | D:10     | Noticed Josephine
 12624 | D:10     | Killed Josephine
 12625 | D:10     | Reached XP level 11. HP: 66/66 MP: 13/19
 12629 | D:10     | Reached skill level 11 in Earth Magic
 12761 | D:10     | Found a transporter.
 12762 | D:10     | Found a transporter.
 13404 | D:10     | Found a basalt altar of Yredelemnul.
 13819 | D:10     | Reached ** piety under Ashenzari
 13912 | D:10     | Found a transporter.
 14033 | D:10     | Found a transporter.
 14490 | D:11     | Noticed a two-headed ogre
 14505 | D:11     | Noticed a manticore
 14657 | Lair:1   | Entered Level 1 of the Lair of Beasts
 14688 | Lair:1   | Reached skill level 5 in Maces & Flails
 14980 | Lair:1   | Identified Sif Muna's Papyrus of Transmigration
 16010 | Lair:2   | Noticed a seven-headed hydra
 16014 | Lair:2   | Killed a seven-headed hydra
 16015 | Lair:2   | Reached XP level 12. HP: 73/73 MP: 6/22
 16034 | Lair:1   | Reached skill level 10 in Conjurations
 16379 | Lair:2   | Reached skill level 5 in Armour
 16407 | Lair:2   | Mangled by a black mamba

Illustrated notes

Levels and vault maps discovered:
D:1:      dpeg_arrival_three_bigger_balls, layout_loops_ring
D:2:      layout_rooms
D:3:      layout_loops_ring, kiku_gazebo_garden_becter,
          nicolae_elyvilon_temple_path, portal_sewer_entry_d,
          basic_ecumenical_altar
D:4:      layout_basic, minmay_temple_entry_drinking_statues, wad_orctagon
D:5:      layout_basic, serial_bayou_pond_b, minmay_misc_feat_chi
D:6:      layout_basic, mainiacjoe_overflow_concentric_impassable,
          nicolae_sif_muna_little_library, serial_shops, shop
D:7:      layout_gridville, lemuel_round_altar, david_defended_altar_orc
D:8:      layout_layer_cave, gammafunk_temple_overflow_elements, uniq_psyche
D:9:      layout_loops_cross, mainiacjoe_overflow_catwalk_spiral,
          disabler_island
D:10:     layout_long_grid, lemuel_mausoleum_altar_yredelemnul,
          lair_entry_dummy, serial_nicolae_subway, nicolae_sub_station_crystal,
          nicolae_sub_station_metal, nicolae_sub_station_stone, uniq_josephine,
          uniq_maggie
D:11:     layout_basic
Temple:   nicolae_temple_hex_pool
Lair:1:   layout_regular_city, grunt_megastairs_1
Lair:2:   layout_small_grid, roderic_carrion_pond, grunt_megastairs_3,
          lemuel_fruit_fields

Skill      XL: |  1  2  3  4  5  6  7  8  9 10 11 12 |
---------------+-------------------------------------+-----
Transmutations | 1 2 |  2.0
Earth Magic    | 4 5 6 7 9 10 11 | 11.3
Fighting       | 1 2 3 4 5 6 7 8 |  8.0
Conjurations   | 1 2 3 4 5 7 9 10 | 10.0
Dodging        | 2 3 4 5 |  5.0
Spellcasting   | 3 4 5 7 |  7.1
Maces & Flails | 2 6 |  6.6
Armour         | 2 4 5 |  5.0
Stealth        | |  2.1
Shields        | |  0.5

Action                   |  1- 3 |  4- 6 |  7- 9 | 10-12 || total
-------------------------+-------+-------+-------+-------++-------
Melee: Short sword       |    15 |       |       |       ||    15
       Whip              |     7 |   212 |   173 |   121 ||   513
       Dagger            |     6 |       |       |       ||     6
       Punch             |       |     3 |     1 |     5 ||     9
 Cast: Sandblast         |    41 |    39 |    35 |     2 ||   117
       Animate Skeleton  |     1 |     1 |       |       ||     2
       Stone Arrow       |       |     1 |    49 |   143 ||   193
       Lee's Rapid Decon |       |       |     5 |    23 ||    28
       Petrify           |       |       |       |     1 ||     1
       Passwall          |       |       |       |     1 ||     1
Invok: Curse Item        |       |       |     2 |     1 ||     3
Evoke: Wand              |       |       |       |     1 ||     1
       Lightning rod     |       |       |       |     3 ||     3
  Use: Scroll            |       |     5 |     1 |     2 ||     8
       Potion            |       |       |       |     3 ||     3
 Stab: Sleeping          |     1 |     1 |     1 |       ||     3
       Distracted        |       |     1 |       |       ||     1
Armor: Robe              |    12 |     6 |       |       ||    18
       Leather armour    |       |   104 |   164 |   172 ||   440
Dodge: Dodged            |    21 |   117 |   172 |   161 ||   471

Table legend: (Time is in decaauts)
 A = Elapsed time spent in this place.
 B = Non-inter-level travel time spent in this place.
 C = Inter-level travel time spent in this place.
 D = Time resting spent in this place.
 E = Time spent auto-exploring this place.
 F = Levels seen in this place.
 G = Mean time per level.
                   A        B        C        D        E       F      G
               +--------+--------+--------+--------+--------+-----+--------+
         Total |  16549 |  16110 |    439 |   2741 |  11239 |  15 | 1103.3 |
       Dungeon |  13647 |  13260 |    387 |   2173 |   9412 |  11 | 1240.6 |
        Temple |    111 |     81 |     30 |      0 |     25 |   1 |  111.0 |
          Lair |   1736 |   1715 |     21 |    488 |    991 |   2 |  868.0 |
         Sewer |   1053 |   1053 |      0 |     80 |    810 |   1 | 1053.0 |
               +--------+--------+--------+--------+--------+-----+--------+

Top non-repeatable levels by time:
    D:10: 2361 daAuts
     D:8: 1767 daAuts
     D:4: 1524 daAuts
     D:6: 1512 daAuts
     D:9: 1381 daAuts
  Lair:1: 1296 daAuts
     D:1: 1201 daAuts
     D:5: 1183 daAuts
   Sewer: 1053 daAuts
     D:7: 883 daAuts
     D:3: 852 daAuts
     D:2: 847 daAuts
  Lair:2: 440 daAuts
    D:11: 132 daAuts
  Temple: 111 daAuts
